Map: Lightshade LE

Players

PartinG - Winner!

  • Race: Protoss Protoss

LiquidClem (Clem)

  • Race: Terran Terran

Event: DreamHack SC2 Masters 2021 Fall

VOD

Have the link to the VOD?

Description

Time

  • Played on: Sept. 11, 2021, 12:20 p.m.
  • Length: 17:28

All games in this series

Show
View Real Time Build Order
Export as new Build Order

PartinG Protoss - Winner!

Build Orders: Colossus Rush 

Get SALT Encoding   

  12  0:00  Probe  
  13  0:12  Probe  
  14  0:17  Pylon  
  14  0:24  Probe (Chrono Boost)  
  15  0:37  Gateway, Probe (Chrono Boost)  
  16  0:44  Probe (Chrono Boost)  
  16  0:46  Assimilator  
  17  0:51  Probe  
  18  1:03  Probe  
  19  1:15  Probe  
  20  1:24  Cybernetics Core  
  20  1:27  Probe  
  21  1:35  Pylon  
  22  1:49  Nexus  
  21  1:57  Assimilator  
  21  1:59  Adept (Chrono Boost)  
  21  2:01  Warp Gate (Chrono Boost)  
  21  2:08  Probe  
  24  2:17  Pylon  
  24  2:20  Adept (Chrono Boost), Probe  
  27  2:32  Probe  
  28  2:37  Gateway  
  28  2:48  Probe  
  29  2:52  Gateway  
  29  2:56  Adept  
  31  3:00  Probe  
  31  3:02  Probe  
  34  3:12  Probe  
  34  3:14  Probe  
  34  3:19  Robotics Facility  
  35  3:24  Probe  
  35  3:26  Probe  
  37  3:33  Shield Battery  
  35  3:39  Stalker  
  35  3:40  Stalker  
  39  3:46  Stalker  
  39  3:48  Probe  
  42  3:55  Probe  
  43  4:00  Probe  
  44  4:05  Stalker x2  
  44  4:09  Stalker  
  50  4:14  Probe x2  
  50  4:24  Observer  
  51  4:28  Probe x2  
  51  4:32  Assimilator  
  51  4:33  Assimilator  
  51  4:34  Pylon  
  51  4:38  Robotics Bay  
  51  4:40  Pylon, Probe x2  
  53  4:52  Observer  
  52  4:54  Probe x2  
  52  4:58  Twilight Council  
  54  5:06  Probe x2  
  56  5:13  Nexus  
  56  5:15  Pylon  
  56  5:18  Probe x2  
  58  5:23  Colossus (Chrono Boost)  
  58  5:26  Extended Thermal Lance (Chrono Boost)  
  64  5:31  Charge (Chrono Boost)  
  64  5:32  Probe x2  
  66  5:44  Shield Battery, Probe x2  
  66  5:47  Observer  
  68  5:50  Gateway  
  68  5:58  Probe  
  68  6:00  Probe  
  68  6:01  Colossus (Chrono Boost)  
  68  6:04  Stalker  
  78  6:14  Pylon  
  78  6:16  Shield Battery  
  78  6:17  Shield Battery  
  78  6:18  Pylon  
  78  6:19  Observer  
  78  6:28  Zealot x3  
  78  6:31  Gateway  
  84  6:40  Colossus (Chrono Boost)  
  84  6:46  Zealot  
  92  6:47  Gateway  
  92  6:50  Zealot x2  
  92  6:53  Zealot  
  98  6:57  Blink (Chrono Boost)  
  98  7:06  Probe x2  
  100  7:08  Zealot  
  100  7:10  Zealot x2  
  100  7:23  Probe  
  100  7:24  Probe x2  
  100  7:27  Observer  
  100  7:28  Forge  
  100  7:29  Observer  
  103  7:32  Gateway  
  103  7:33  Gateway  
  103  7:36  Pylon, Probe x2  
  105  7:37  Observer  
  105  7:39  Probe  
  105  7:40  Dark Shrine  
  105  7:43  Sentry  
  109  7:46  Pylon  
  109  7:47  Pylon  
  109  7:54  Probe x2  
  109  7:56  Probe  
  112  7:59  Sentry  
  112  8:00  Protoss Ground Weapons Level 1 (Chrono Boost)  
  112  8:01  Zealot  
  112  8:04  Pylon  
  116  8:06  Pylon, Probe  
  116  8:07  Probe  
  116  8:08  Probe  
  116  8:11  Warp Prism (Chrono Boost)  
  121  8:24  Stalker x4  
  121  8:26  Probe x2  
  131  8:32  Photon Cannon, Probe  
  130  8:47  Pylon  
  130  8:48  Probe  
  131  8:56  Disruptor (Chrono Boost)  
  131  8:57  Dark Templar  
  131  8:59  Shadow Stride  
  131  9:01  Robotics Facility  
  136  9:02  Pylon  
  132  9:18  Zealot x3  
  132  9:19  Dark Templar x2  
  136  9:30  Nexus  
  136  9:32  Forge, Probe x3  
  136  9:34  Pylon  
  136  9:35  Assimilator x2  
  137  9:40  Stalker x2  
  137  9:41  Zealot x4  
  137  9:45  Disruptor x2 (Chrono Boost)  
  141  9:53  Probe x3  
  141  9:54  Observer  
  141  9:55  Stalker  
  141  9:57  Stalker  
  146  10:03  Photon Cannon  
  146  10:10  Photon Cannon, Probe x2  
  148  10:17  Observer (Chrono Boost)  
  152  10:23  Disruptor (Chrono Boost)  
  152  10:24  Probe x2  
  152  10:27  Dark Templar x2, Protoss Ground Armor Level 1 (Chrono Boost)  
  156  10:36  Probe  
  151  10:58  Disruptor x2 (Chrono Boost), Zealot x6  
  154  11:05  Dark Templar x2  
  154  11:09  Probe x3  
  161  11:20  Dark Templar  
  161  11:25  Zealot x5  
  146  11:39  Zealot x2  
  116  11:44  Disruptor x2  
  118  11:50  Dark Templar, Zealot x4  
  118  11:54  Zealot  
  127  11:58  Probe x3  
  130  12:02  Probe  
  130  12:05  Dark Templar  
  133  12:09  Stalker  
  133  12:12  Shield Battery  
  133  12:13  Zealot x2  
  133  12:15  Dark Templar x2  
  141  12:19  Disruptor  
  144  12:24  Stalker x2  
  140  12:39  Dark Templar x2  
  140  12:42  Zealot x2  
  146  12:50  Disruptor (Chrono Boost)  
  141  12:52  Zealot x3  
  141  12:54  Zealot  
  149  12:59  Disruptor (Chrono Boost)  
  149  13:01  Probe x2  
  149  13:02  Probe  
  151  13:08  Zealot x2  
  155  13:16  Probe x3  
  158  13:20  Disruptor (Chrono Boost)  
  158  13:23  Colossus (Chrono Boost)  
  155  13:28  Nexus, Probe x3  
  157  13:38  Dark Templar x2  
  157  13:41  Zealot x5  
  171  13:50  Observer (Chrono Boost)  
  171  13:54  Dark Templar  
  164  14:03  Observer  
  164  14:06  Stalker x4  
  159  14:14  Stalker x3  
  165  14:17  Assimilator  
  165  14:22  Assimilator  
  165  14:24  Pylon  
  165  14:26  Pylon  
  165  14:29  Gateway  
  165  14:30  Dark Templar, Gateway  
  167  14:31  Pylon, Zealot x2  
  167  14:34  Protoss Ground Armor Level 2 (Chrono Boost)  
  171  14:40  Pylon  
  171  14:41  Observer  
  168  14:51  Zealot x5  
  170  15:06  Colossus (Chrono Boost), Stalker x3  
  180  15:21  Zealot  
  180  15:22  Colossus (Chrono Boost), Zealot x4  
  196  15:37  Zealot x2  
  196  15:42  Nexus  
  198  15:43  Pylon  
  198  15:45  Pylon  
  193  15:56  Zealot x3  
  199  16:02  Shield Battery  
  199  16:06  Shield Battery, Observer  
  199  16:07  Shield Battery  
  198  16:14  Dark Templar  
  194  16:29  Dark Templar x3  
  194  16:30  Pylon  
  194  16:31  Nexus  
  200  16:32  Pylon  
  200  16:37  Pylon, Photon Cannon  
  200  16:40  Photon Cannon  
  200  16:42  Photon Cannon  
  200  16:44  Shield Battery  
  200  16:46  Shield Battery  
  196  16:54  Dark Templar  
  196  16:55  Dark Templar  
  196  16:59  Dark Templar x3  
  200  17:04  Gateway  
  200  17:06  Gateway  
  193  17:12  Zealot x4  
Show
View Real Time Build Order
Export as new Build Order

LiquidClem Terran 

Build Orders: Cyclone Opening 

Get SALT Encoding   

  12  0:00  SCV  
  13  0:12  SCV  
  14  0:17  Supply Depot  
  14  0:24  SCV  
  14  0:27  Refinery  
  15  0:38  SCV  
  16  0:44  Barracks  
  16  0:50  SCV  
  17  1:02  Engineering Bay  
  17  1:04  SCV  
  18  1:16  SCV  
  19  1:27  Engineering Bay  
  19  1:32  Marine  
  19  1:33  Orbital Command  
  20  1:40  Factory  
  20  1:52  Barracks Reactor  
  20  1:58  Supply Depot  
  20  1:59  SCV  
  21  2:11  SCV  
  22  2:20  Command Center  
  22  2:25  SCV, Factory Tech Lab  
  22  2:27  Marine  
  24  2:30  Marine  
  25  2:43  Cyclone  
  25  2:44  Supply Depot  
  28  2:47  Marine  
  28  2:48  Marine  
  30  2:52  SCV  
  31  3:01  Barracks  
  31  3:05  Marine  
  31  3:06  SCV  
  31  3:11  Refinery  
  33  3:19  Siege Tank  
  36  3:22  SCV  
  36  3:24  Marine  
  36  3:25  Marine  
  38  3:34  SCV  
  38  3:37  Orbital Command  
  39  3:42  Marine  
  39  3:43  Marine  
  41  3:56  SCV  
  41  3:59  Marine  
  41  4:00  Marine  
  41  4:01  Stimpack, Factory Tech Lab  
  43  4:04  SCV, Supply Depot  
  43  4:07  Bunker  
  43  4:08  Marine  
  43  4:11  SCV  
  43  4:16  SCV  
  45  4:17  Marine  
  45  4:19  Marine  
  45  4:23  Siege Tank  
  49  4:27  SCV  
  49  4:28  Marine  
  49  4:30  SCV  
  51  4:36  Engineering Bay  
  51  4:39  SCV  
  51  4:42  Marine, SCV  
  54  4:51  SCV  
  55  4:53  Starport  
  55  4:54  SCV  
  55  4:59  Marine  
  57  5:03  Marine, Supply Depot, SCV  
  57  5:06  SCV  
  60  5:11  Marine  
  60  5:12  Missile Turret  
  61  5:15  Supply Depot, SCV  
  61  5:19  Refinery  
  62  5:24  Marine x2, SCV  
  62  5:25  Supply Depot  
  62  5:28  SCV  
  66  5:30  Siege Tank  
  66  5:31  Marine  
  70  5:37  Medivac  
  70  5:38  SCV  
  70  5:40  SCV  
  74  5:42  Supply Depot  
  74  5:49  Barracks  
  74  5:51  Combat Shield  
  74  5:53  Marine  
  74  5:55  Marine x2  
  77  5:58  SCV  
  77  5:59  SCV  
  77  6:02  Terran Infantry Weapons Level 1  
  79  6:08  Starport Reactor  
  79  6:10  Refinery, Marine  
  79  6:11  SCV  
  80  6:12  SCV  
  80  6:13  Factory Reactor  
  80  6:15  Marine  
  82  6:20  Marine, Supply Depot  
  83  6:33  Marine x2  
  83  6:36  Command Center  
  83  6:37  Supply Depot  
  83  6:38  Marauder  
  87  6:47  Medivac x2  
  87  6:51  Marine x2  
  87  6:52  Widow Mine x2  
  97  7:00  Supply Depot, Marauder  
  99  7:02  Concussive Shells, Marauder  
  99  7:06  Supply Depot  
  101  7:11  Marine x2  
  101  7:14  SCV x2  
  98  7:23  Marauder  
  98  7:24  Widow Mine x2, Medivac x2  
  98  7:26  SCV  
  98  7:27  Marauder  
  98  7:29  Marine  
  109  7:30  Supply Depot  
  109  7:33  SCV  
  110  7:38  SCV  
  110  7:40  Marine  
  110  7:44  Barracks  
  112  7:45  SCV, Barracks  
  112  7:50  Orbital Command  
  113  7:51  SCV  
  113  7:54  Marine  
  113  7:55  Medivac  
  113  7:57  Medivac  
  119  8:01  Marauder  
  119  8:02  Marauder  
  119  8:03  SCV  
  119  8:05  SCV  
  125  8:07  Marine  
  125  8:12  Terran Infantry Armor Level 1, Supply Depot  
  126  8:13  Marine  
  126  8:15  SCV  
  126  8:17  SCV x2  
  130  8:23  Supply Depot, Widow Mine, Marauder  
  130  8:24  Widow Mine  
  137  8:27  SCV  
  137  8:29  Supply Depot, Viking, SCV x2  
  137  8:31  Viking  
  143  8:34  Barracks Reactor, Barracks Tech Lab  
  143  8:39  SCV  
  143  8:41  Marine x2  
  143  8:42  Marauder  
  143  8:44  Marauder  
  143  8:46  SCV  
  143  8:47  SCV, Ghost Academy  
  150  8:54  Refinery, Supply Depot, Marauder  
  150  8:55  SCV  
  153  8:59  SCV  
  153  9:01  Viking  
  156  9:04  Viking, Marauder  
  156  9:09  Marine x2  
  160  9:13  SCV, Marauder  
  160  9:14  SCV  
  160  9:15  Marine  
  157  9:18  Marauder  
  157  9:22  Marine  
  159  9:24  Widow Mine x2, Ghost  
  159  9:33  Refinery  
  159  9:34  Viking, Marauder  
  159  9:36  Command Center  
  159  9:38  Ghost  
  160  9:39  SCV x2  
  160  9:43  Missile Turret  
  160  9:44  Missile Turret  
  161  9:48  Viking  
  161  9:49  Widow Mine  
  161  9:50  Widow Mine  
  161  9:51  Marine  
  166  9:54  Marine  
  166  9:57  Marine, Supply Depot  
  166  9:58  Ghost  
  170  10:05  Marine x2  
  172  10:07  Supply Depot  
  172  10:10  Supply Depot  
  172  10:11  Armory, Engineering Bay  
  172  10:17  Marine x2  
  172  10:18  Missile Turret  
  172  10:19  SCV x2  
  172  10:21  Marine  
  175  10:25  Viking  
  175  10:27  Viking  
  179  10:30  Marine  
  180  10:36  Ghost  
  180  10:39  Marine x2  
  180  10:42  SCV x2  
  184  10:45  Marine  
  184  10:46  SCV  
  184  10:49  Ghost  
  185  10:56  SCV  
  169  10:58  Marauder  
  169  11:02  SCV x2  
  169  11:04  Marine x4  
  167  11:05  Marauder  
  170  11:12  SCV  
  170  11:16  Medivac  
  171  11:19  Marine, Marauder  
  171  11:21  Refinery, Marine  
  171  11:26  SCV  
  171  11:27  Marauder  
  171  11:31  Marine  
  148  11:34  Marine x2  
  148  11:36  SCV  
  148  11:37  Marauder  
  137  11:40  Marine, Marauder  
  137  11:41  SCV  
  137  11:44  SCV  
  137  11:46  Widow Mine x2  
  145  11:48  Marauder  
  145  11:49  Marine  
  145  11:52  Marine, Orbital Command  
  146  11:58  SCV  
  146  11:59  Marauder  
  146  12:01  SCV, Ghost  
  149  12:03  SCV  
  149  12:08  Medivac  
  155  12:09  Medivac  
  155  12:10  SCV  
  155  12:12  Marine  
  158  12:16  Missile Turret  
  158  12:17  Marine  
  158  12:20  SCV  
  156  12:23  Marine, Ghost  
  156  12:24  SCV  
  156  12:27  SCV  
  156  12:28  SCV  
  158  12:32  SCV  
  158  12:34  Marine  
  155  12:37  SCV  
  155  12:40  SCV, Ghost  
  155  12:41  Marine  
  154  12:44  Marine  
  154  12:45  Marine, SCV  
  154  12:49  Widow Mine  
  159  12:52  Medivac x2  
  159  12:53  SCV  
  159  12:56  Marine  
  159  12:58  SCV  
  158  12:59  SCV x2  
  158  13:05  Marine x2, SCV  
  158  13:09  Marine  
  158  13:10  SCV  
  158  13:11  SCV  
  158  13:12  SCV  
  162  13:17  Marine, SCV, Ghost  
  166  13:22  SCV  
  166  13:24  SCV  
  166  13:30  Marine, Widow Mine x2  
  166  13:31  Marine x2  
  166  13:32  SCV  
  174  13:34  Marine  
  174  13:35  Marauder  
  174  13:40  Liberator  
  178  13:44  Marine  
  178  13:45  SCV  
  178  13:47  Marauder  
  182  13:52  Marine x2  
  182  13:53  Marine, Marauder  
  187  13:57  Marauder  
  187  14:00  SCV  
  190  14:06  Widow Mine  
  190  14:08  Marauder  
  161  14:10  SCV  
  161  14:13  Marine x4  
  161  14:14  Widow Mine, Marauder  
  161  14:15  Medivac  
  168  14:18  Marauder  
  168  14:19  SCV x2  
  168  14:20  SCV, Barracks x2  
  168  14:22  Refinery  
  171  14:25  Barracks  
  171  14:27  Widow Mine  
  171  14:29  Marine  
  174  14:33  Refinery, Missile Turret  
  174  14:36  Marauder  
  174  14:37  Marine x4  
  180  14:39  Widow Mine  
  180  14:41  Terran Infantry Weapons Level 2  
  180  14:43  Terran Infantry Armor Level 2  
  182  14:48  Marauder  
  182  14:50  Marauder  
  185  14:55  Viking  
  185  14:56  Marine  
  185  14:57  SCV  
  185  14:59  Marine  
  182  15:00  Marine  
  182  15:06  Marine  
  182  15:08  Marauder  
  182  15:10  Barracks Tech Lab x2  
  182  15:12  Barracks Reactor  
  182  15:13  SCV  
  180  15:17  Widow Mine x2  
  180  15:21  Marine x2  
  179  15:23  Viking  
  182  15:31  Command Center  
  182  15:34  Orbital Command, Marauder x2  
  184  15:37  Sensor Tower  
  184  15:38  Viking  
  184  15:40  Marine x2  
  184  15:42  Missile Turret  
  187  15:46  Command Center  
  187  15:48  SCV  
  178  15:50  SCV  
  178  15:51  SCV  
  178  15:56  Marauder  
  182  16:00  SCV x2  
  184  16:06  Marine x2  
  184  16:07  Marine  
  184  16:08  SCV  
  184  16:10  SCV  
  187  16:12  Marine  
  187  16:14  Widow Mine  
  187  16:18  Marine x2  
  191  16:21  Marauder  
  191  16:23  Medivac x2  
  198  16:28  Ghost  
  200  16:41  Ghost  
  200  16:43  Marine  
  200  16:44  Marine x3  
  164  16:47  Marauder  
  164  16:49  SCV  
  164  16:51  SCV  
  164  16:52  SCV  
  152  16:55  Ghost  
  152  16:56  Marine  
  152  16:58  Viking x2  
  152  17:03  Marine x2  
  141  17:09  Marine x2  

Tags
 
Add a new tag
Caveats
  • Supply blocks, unpowered buildings, or Contaminate may cause inaccurate times.
  • Supply counts are checked every 10 seconds.